 Dungeon Crawl Stone Soup version 0.19.4-9-g45fd643 (webtiles) character file.

75 vatarom the Conjurer (level 4, -1/37 HPs)
             Began as a Draconian Conjurer on Feb 21, 2017.
             Killed from afar by vatarom's ghost (17 damage)
             ... with a flame tongue
             ... on level 3 of the Dungeon.
             The game lasted 00:05:02 (2201 turns).

vatarom the Conjurer (Draconian Conjurer)           Turns: 2201, Time: 00:05:03

Health: -1/37      AC:  6    Str: 11    XL:     4   Next: 11%
Magic:  1/8        EV: 13    Int: 16    God:
Gold:   74         SH:  0    Dex: 11    Spells: 2 memorised, 6 levels left

rFire  . . .     SeeInvis +     c - +1 dagger
rCold  . . .     Gourm    .     (armour unavailable)
rNeg   . . .     Faith    .     (no shield)
rPois  .         Spirit   .     (helmet restricted)
rElec  .         Reflect  .     d - +0 cloak
rCorr  .         Harm     .     (no gloves)
MR     .....                    (no boots)
Stlth  ++........               (no amulet)
                                h - +1 ring of evasion
                                e - ring of see invisible

@: lethally poisoned (-1 -> -9)
A: unfitting armour, cold-blooded, AC +5
a: no special abilities


You were on level 3 of the Dungeon.
You were not hungry.

You visited 1 branch of the dungeon, and saw 3 of its levels.

You collected 74 gold pieces.

Inventory:

Hand Weapons
 c - a +1 dagger (weapon)
Armour
 d - a +0 cloak (worn)
 m - a +0 pair of gloves
Jewellery
 e - a ring of see invisible (left hand)
 h - a +1 ring of evasion (right hand)
Wands
 o - a wand of polymorph (15/24)
Scrolls
 j - a scroll of immolation {unknown}
Potions
 f - a potion of brilliance
 g - a potion of cure mutation
 i - a potion of magic
 k - a potion of heal wounds
Books
 a - a book of Conjurations

   Spells                             Type                      Level
   a - Magic Dart                     Conjuration                  1
   b - Searing Ray                    Conjuration                  2
   c - Dazzling Spray                 Conjuration/Hexes            3
   d - Fulminant Prism                Conjuration/Hexes            4
   e - Iskenderun's Mystic Blast      Conjuration                  4
   f - Iskenderun's Battlesphere      Conjuration/Charms           5
Comestibles
 b - a bread ration
 l - a royal jelly
 n - a chunk of flesh


   Skills:
 - Level 2.6 Fighting
 - Level 1.7 Dodging
 - Level 1.7 Stealth
 + Level 3.3 Spellcasting
 - Level 4.0 Conjurations


You had 6 spell levels left.
You knew the following spells:

 Your Spells              Type           Power        Failure   Level  Hunger
a - Magic Dart            Conj           ###.         4%          1    None
b - Searing Ray           Conj           ###...       8%          2    ##.....


Dungeon Overview and Level Annotations

Branches:
Dungeon (3/15)

Altars:

Annotations:
D:3 Grinder; vatarom's ghost, amateur TeFE


Innate Abilities, Weirdness & Mutations

Your plain brown scales are hard. (AC +5)
You cannot fit into any form of body armour.
You are cold-blooded and may be slowed by cold attacks.


Message History

Aiming: Magic Dart
Press: ? - help, Shift-Dir - straight line, f/p - vatarom's ghost
Aim: vatarom's ghost, wielding a weapon of venom (heavily damaged)
The magic dart hits vatarom's ghost.
Vatarom's ghost is severely damaged.
Vatarom's ghost barely misses you.
You miss vatarom's ghost.
Vatarom's ghost is severely damaged.
Vatarom's ghost points at you and mumbles some strange words.
The flame tongue hits you!
You are too injured to fight recklessly!
Casting: Magic Dart
Confirm with . or Enter, or press ? or * to list all spells.
You don't have enough magic to cast that spell.
Vatarom's ghost hits you.
You are poisoned.
You feel sick. Vatarom's ghost casts a spell at you. The flame tongue hits you!
You die...

#...........#.#...
#...........#.#.#.
#..$..>.†...#<#.#.
#...........#W#.##
#....##...........
#....##.........##
#...?##.........'.
######..W.##.......<.##
#.....@...##.........#
#.........##.........#
#.........#.....######
#.....#####......
#.....# .. #.....###
#.......# #.......####
#..........#


You could see vatarom's ghost.

Vanquished Creatures
  4 adders (D:2)
  2 worms
  A dart slug (D:1)
  3 leopard geckos
  6 bats
  2 goblins (D:1)
  2 hobgoblins
  4 frilled lizards (D:1)
  5 kobolds
  5 rats
34 creatures vanquished.

Notes
Turn   | Place    | Note
-------+----------+-------------------------------------------
     0 | D:1      | vatarom the Draconian Conjurer began the quest for the Orb.
     0 | D:1      | Reached XP level 1. HP: 14/14 MP: 3/3
   118 | D:1      | Reached skill level 1 in Fighting
   233 | D:1      | Reached XP level 2. HP: 24/24 MP: 1/5
   429 | D:1      | Learned a level 2 spell: Searing Ray
  1052 | D:2      | Reached XP level 3. HP: 27/30 MP: 2/6
  1813 | D:3      | Noticed Grinder
  1920 | D:3      | Noticed vatarom's ghost (amateur TeFE)
  2074 | D:2      | Reached XP level 4. HP: 36/37 MP: 2/8
  2201 | D:3      | Killed from afar by vatarom's ghost

Skill      XL: |  1  2  3 |
---------------+----------+-----
Fighting       | 1 2 |  2.6
Spellcasting   | 3 |  3.3
Dodging        | |  1.7
Stealth        | |  1.7
Conjurations   | |  4.0

Action                   |  1- 3 |  4- 6 || total
-------------------------+-------+-------++-------
Melee: Dagger            |    42 |     3 ||    45
       Tailslap          |     3 |       ||     3
 Cast: Magic Dart        |    53 |     4 ||    57
       Searing Ray       |     2 |     1 ||     3
  Use: Scroll            |    11 |       ||    11
       Potion            |     4 |       ||     4
 Stab: Sleeping          |     1 |       ||     1
  Eat: Chunk             |     3 |       ||     3
       Bread ration      |     1 |       ||     1
Armor: Skin              |    12 |       ||    12
Dodge: Dodged            |    38 |     2 ||    40
